 Dungeon Crawl Stone Soup version 0.22.1-1-ga44c0e5 (webtiles) character file.

7259 teukkam the Cleaver (level 10, -4/78 HPs)
             Began as a Minotaur Berserker on Oct 16, 2018.
             Was a High Priest of Trog.
             Killed by divine providence
             ... invoked by an orc priest
              (10 damage)
             ... on level 9 of the Dungeon.
             The game lasted 00:41:05 (8417 turns).

teukkam the Cleaver (Minotaur Berserker)            Turns: 8417, Time: 00:41:06

Health: -4/78      AC:  9    Str: 25    XL:     10   Next: 88%
Magic:  9/9        EV: 11    Int:  4    God:    Trog [*****.]
Gold:   294        SH:  0    Dex: 10    Spells: 9/9 levels left

rFire    . . .     SeeInvis .   b - +0 shortbow
rCold    + . .     Gourm    .   (shield currently unavailable)
rNeg     . . .     Faith    .   M - +1 ring mail {rC+}
rPois    .         Spirit   .   (helmet restricted)
rElec    .         Reflect  .   x - +2 cloak
rCorr    +         Harm     +   (no gloves)
MR       .....                  (no boots)
Stlth    ..........             f - amulet of harm
HPRegen  0.23/turn              F - ring of resist corrosion
MPRegen  0.11/turn              E - ring of flight

@: no status effects
A: retaliatory headbutt, horns 2
a: Berserk, Trog's Hand, Brothers in Arms, Renounce Religion, Evoke Flight


You were on level 9 of the Dungeon.
You worshipped Trog.
Trog was extremely pleased with you.
You were not hungry.

You visited 1 branch of the dungeon, and saw 9 of its levels.
You also visited: Ossuary.

You collected 424 gold pieces.
You spent 130 gold pieces at shops.

Inventory:

Hand Weapons
 a - a +4 war axe of flaming
 b - a +0 shortbow (weapon)
 c - a +0 blowgun
 G - a +0 hunting sling
 I - a +0 hand axe
 L - a +1 spear of venom
Missiles
 g - 5 needles of frenzy
 h - 7 throwing nets
 k - 2 silver tomahawks
 l - 41 poisoned needles
 n - 74 sling bullets
 o - 162 stones
 D - 13 tomahawks
 H - 34 arrows (quivered)
 K - 72 bolts
Armour
 x - a +2 cloak (worn)
 M - a +1 ring mail of cold resistance (worn)
Magical Staves
 y - an uncursed staff of power
Jewellery
 f - an amulet of harm (around neck)
 i - an uncursed amulet of the acrobat
 E - a ring of flight (right hand)
 F - a ring of resist corrosion (left hand)
Wands
 r - a wand of paralysis (13)
 v - a wand of acid (3)
 A - a wand of polymorph (5)
Scrolls
 e - 3 scrolls of teleportation
 q - 7 scrolls of remove curse
 u - a scroll of magic mapping
 w - 3 scrolls of fog {unknown}
 z - 13 scrolls of identify
 N - 3 scrolls of fear
 O - 2 scrolls of random uselessness {unknown}
Potions
 d - 6 potions of curing
 j - 2 potions of resistance
 m - 2 potions of lignification {unknown}
 p - 3 potions of flight {unknown}
 s - 2 potions of haste
 t - 2 potions of agility {unknown}
 B - a potion of mutation {unknown}
 C - 2 potions of brilliance {unknown}
Comestibles
 J - 16 rations
 P - 3 chunks of flesh


   Skills:
 - Level 3.9 Fighting
 + Level 13.3 Axes
 - Level 7.4(8.4) Slings
 + Level 9.4 Bows
 + Level 5.3(7.0) Throwing
 - Level 2.7 Armour
 - Level 2.5 Dodging


You had 9 spell levels left.
You didn't know any spells.
Your spell library contained the following spells:

 Spells                   Type           Power        Failure   Level  Hunger
 Corona                   Hex            #......      65%         1    ##.....
 Sting                    Conj/Pois      #...         65%         1    ##.....
 Ensorcelled Hibernation  Hex/Ice        #.....       78%         2    ###....
 Poisonous Vapours        Pois/Air       #.....       78%         2    ###....
 Confuse                  Hex            #.......     95%         3    ####...
 Dazzling Spray           Conj/Hex       #.....       95%         3    ####...
 Mephitic Cloud           Conj/Pois/Air  #.......     95%         3    ####...
 Tukima's Dance           Hex            #.......     95%         3    ####...
 Olgreb's Toxic Radiance  Pois           #.......     100%        4    #####..
 Venom Bolt               Conj/Pois      #.........   100%        5    ######.


Dungeon Overview and Level Annotations

Branches:
Dungeon (9/15)             Temple (0/1) D:5
   Lair: D:8-11         Orc: D:9-12

Altars:
Ashenzari
Cheibriados
Fedhas
Gozag
Nemelex Xobeh
Ru
Trog
Wu Jian
Xom
Yredelemnul
The Shining One

Shops:
D:4 *   D:6 (   D:9 }

Annotations:
D:6 1 runed door


Innate Abilities, Weirdness & Mutations

You reflexively headbutt those who attack you in melee.
You have a pair of horns on your head.


Message History

Firing (i - inventory. (/) - cycle)
H - 35 arrows (quivered)
Press: ? - help, Shift-Dir - straight line, f/p - orc warrior
Aim: an orc warrior, wielding a mace and wearing a plate armour (lightly You shoot an arrow.
The arrow barely misses the orc warrior.
The orc warrior throws a javelin.
The javelin hits you!
* * * LOW HITPOINT WARNING * * *
The orc warrior throws a javelin.
The javelin hits you!
* * * LOW HITPOINT WARNING * * *
There is an open door, spattered with blood here.
You see here a javelin.
You see here a scale mail.
Things that are here:
a whip; a ring mail; an orc corpse You start resting.
The orc priest is too close now for your liking.
The orc priest shouts!
The orc priest calls down the wrath of Beogh upon you.
Beogh smites you!
You die...

#.##.........#..#
._.......o.....##
#.#..........###
#..+.........#
####....).<..#
######'#### #.#
####)# #..@)#
####(##########
##....(........#
.................#
≈≈≈≈≈≈≈≈≈≈≈≈≈≈8..#
≈≈≈≈≈≈≈≈≈≈≈≈≈8≈..#
###########o.≈≈..#
.#)≈≈..# . #≈≈..#


You could see an orc priest.

Vanquished Creatures
  Harold (D:8)
  A hydra (D:8)
  Pikel (D:8)
  The ghost of ThePrince the Covert, a novice SpEn of Yredelemnul (D:6)
  2 dream sheep (D:8)
  2 wraiths (Ossuary)
  2 yaks (D:8)
  4 orc warriors
  A black bear (D:6)
  An ice beast (D:6)
  A swamp drake (D:9)
  A phantom (D:7)
  An ogre (D:6)
  A centaur (D:5)
  4 big kobolds (D:8)
  An elf skeleton (D:4)
  3 gnoll sergeants
  An elf zombie (D:4)
  8 bullfrogs
  2 scorpions
  5 killer bees
  4 wights
  8 howler monkeys
  5 crimson imps
  A centaur zombie (D:5)
  6 hounds
  2 bullfrog skeletons
  6 orc priests
  4 orc wizards
  2 iguanas
  6 worker ants
  A hound skeleton (D:4)
  A worker ant zombie (D:6)
  10 adders
  13 gnolls
  A river rat (D:9)
  2 shadow imps
  An ooze (D:2)
  2 adder zombies (Ossuary)
  2 adder skeletons
  3 worms
  4 dart slugs
  5 leopard geckos
  20 orcs
  3 ball pythons
  8 bats
  5 giant cockroaches
  2 gnoll zombies (D:6)
  3 goblins
  3 hobgoblins
  15 jackals
  10 kobolds
  2 ball python skeletons (Ossuary)
  5 frilled lizards
  A hobgoblin skeleton (Ossuary)
  A hobgoblin zombie (Ossuary)
  A kobold zombie (Ossuary)
  6 orc skeletons
  A quokka zombie (D:6)
  3 rats
  A fungus (D:9)
  A plant (D:9)
224 creatures vanquished.

Vanquished Creatures (collateral kills)
  An orc (D:8)
1 creature vanquished.

Vanquished Creatures (others)
  3 fungi (D:9)
  A plant (D:9)
4 creatures vanquished.

Grand Total: 229 creatures vanquished

Notes
Turn   | Place    | Note
-------+----------+-------------------------------------------
     0 | D:1      | teukkam the Minotaur Berserker began the quest for the Orb.
     0 | D:1      | Reached XP level 1. HP: 19/19 MP: 0/0
    42 | D:1      | Reached XP level 2. HP: 27/27 MP: 1/1
   277 | D:1      | Found a sparkling altar of Nemelex Xobeh.
   991 | D:2      | Found a shimmering altar of Xom.
  1007 | D:2      | Reached skill level 4 in Axes
  1017 | D:2      | Reached skill level 1 in Slings
  1029 | D:2      | Reached XP level 3. HP: 21/33 MP: 2/2
  1067 | D:2      | Reached ** piety under Trog
  1231 | D:2      | Reached XP level 4. HP: 33/40 MP: 3/3
  1549 | D:3      | Found a bloodstained altar of Trog.
  1959 | D:4      | Reached skill level 5 in Axes
  1959 | D:4      | Reached XP level 5. HP: 43/46 MP: 4/4
  2038 | D:4      | Reached skill level 6 in Axes
  2038 | D:4      | Reached XP level 6. HP: 40/52 MP: 5/5
  2094 | D:4      | Reached *** piety under Trog
  2096 | D:4      | Reached skill level 5 in Slings
  2123 | D:4      | Reached skill level 7 in Axes
  2126 | D:4      | Reached XP level 7. HP: 12/58 MP: 6/6
  2281 | D:4      | Found Oruumut's Elemental Accessories.
  2360 | D:4      | Found a sand-covered staircase.
  2490 | Ossuary  | Entered an ossuary
  2599 | Ossuary  | Noticed a flying skull
  2599 | Ossuary  | Noticed a wraith
  2605 | Ossuary  | Noticed a flying skull
  2607 | Ossuary  | Noticed a flying skull
  2610 | Ossuary  | Noticed a wraith
  2617 | Ossuary  | Killed a wraith
  2617 | Ossuary  | Reached skill level 8 in Axes
  2864 | Ossuary  | Noticed a flying skull
  2931 | Ossuary  | Noticed a wraith
  2942 | Ossuary  | Killed a wraith
  2942 | Ossuary  | Reached XP level 8. HP: 60/66 MP: 7/7
  3051 | Ossuary  | Noticed a flying skull
  3427 | D:4      | Found a blossoming altar of Fedhas.
  3429 | D:4      | Found an ornate altar of the Wu Jian Council.
  3599 | D:4      | Found a glowing golden altar of the Shining One.
  3634 | D:4      | Found a shattered altar of Ashenzari.
  3680 | D:5      | Entered Level 5 of the Dungeon
  3680 | D:5      | Found a staircase to the Ecumenical Temple.
  3768 | D:5      | Reached skill level 9 in Axes
  3859 | D:5      | Reached **** piety under Trog
  3859 | D:5      | Reached skill level 1 in Bows
  4210 | D:6      | Found a runed door.
  4217 | D:6      | Noticed ThePrince's ghost (novice SpEn)
  4323 | D:6      | Found a runed door.
  4351 | D:6      | Reached skill level 10 in Axes
  4522 | D:6      | Found Wilab's Antique Weapon Shop.
  4543 | D:6      | Bought a runed war axe for 130 gold pieces
  4660 | D:6      | Found a sacrificial altar of Ru.
  4827 | D:6      | Found a basalt altar of Yredelemnul.
  4874 | D:6      | Found an opulent altar of Gozag.
  4898 | D:6      | Killed ThePrince's ghost
  4898 | D:6      | Reached XP level 9. HP: 71/71 MP: 8/8
  4951 | D:6      | You fall through a shaft for 2 floors!
  4969 | D:8      | Reached skill level 5 in Bows
  5259 | D:7      | Reached skill level 11 in Axes
  5269 | D:7      | Received a gift from Trog
  6793 | D:8      | Reached ***** piety under Trog
  6834 | D:8      | Noticed Pikel
  6852 | D:8      | Killed Pikel
  6852 | D:8      | Reached skill level 12 in Axes
  6950 | D:8      | Reached XP level 10. HP: 49/78 MP: 9/9
  7104 | D:8      | Noticed a three-headed hydra
  7106 | D:8      | Killed a two-headed hydra
  7216 | D:8      | Found a sparkling altar of Nemelex Xobeh.
  7298 | D:8      | Noticed Harold
  7311 | D:8      | Killed Harold
  7311 | D:8      | Reached skill level 13 in Axes
  7830 | D:9      | Received a gift from Trog
  7835 | D:9      | Reached skill level 5 in Throwing
  7959 | D:9      | Found Puniaraki's Gadget Shop.
  7963 | D:9      | Found a snail-covered altar of Cheibriados.
  8417 | D:9      | Killed from afar by an orc priest

Skill      XL: |  1  2  3  4  5  6  7  8  9 10 |
---------------+-------------------------------+-----
Axes           | 4 5 6 7 8 10 12 13 | 13.3
Slings         | 1 2 3 4 5 6 7 |  7.4
Bows           | 4 7 9 |  9.4
Throwing       | 2 5 |  5.3
Fighting       | |  3.9
Armour         | |  2.7
Dodging        | |  2.5

Action                   |  1- 3 |  4- 6 |  7- 9 | 10-12 || total
-------------------------+-------+-------+-------+-------++-------
Melee: Hand axe          |    30 |    71 |   109 |       ||   210
       Headbutt          |     3 |    10 |    45 |    12 ||    70
       Battleaxe         |       |       |    56 |       ||    56
       War axe           |       |       |   110 |    65 ||   175
 Fire: Hunting sling     |    33 |    21 |    10 |       ||    64
       Shortbow          |       |       |    54 |    33 ||    87
       Blowgun           |       |       |     7 |     1 ||     8
Invok: Berserk           |       |     1 |     8 |     5 ||    14
Evoke: Wand              |       |       |     1 |     5 ||     6
  Use: Scroll            |     3 |     3 |     5 |       ||    11
       Potion            |       |     1 |     7 |       ||     8
 Stab: Sleeping          |     2 |       |       |       ||     2
  Eat: Chunk             |     1 |     4 |     6 |     9 ||    20
       Ration            |       |       |     5 |       ||     5
Armor: Animal skin       |    10 |     2 |       |       ||    12
       Leather armour    |       |    19 |    62 |       ||    81
       Scale mail        |       |       |    20 |       ||    20
       Ring mail         |       |       |    11 |    15 ||    26
Dodge: Dodged            |    32 |    52 |   175 |    22 ||   281
